 Dungeon Crawl Stone Soup version 0.30-a0-718-geaa24f58ff (webtiles) character file.

Game seed: 11056611418980884478

7088 MackTheKnife the Thaumaturge (level 10, 0/64 HPs)
             Began as a Deep Elf Wanderer on Jan 25, 2023.
             Was a Priest of Vehumet.
             Slain by a death yak (19 damage)
             ... on level 9 of the Dungeon.
             The game lasted 00:18:20 (10536 turns).

MackTheKnife the Thaumaturge (Deep Elf Wanderer)   Turns: 10536, Time: 00:18:21

Health: 0/64       AC: 14    Str:  9    XL:     10   Next: 84%
Magic:  14/27      EV: 17    Int: 22    God:    Vehumet [***...]
Gold:   460        SH:  0    Dex: 16    Spells: 21/32 levels left

rFire   . . .      SeeInvis .    I - +7 staff of the Meek {protect, meekguard, staff}
rCold   . . .      Faith    .    (shield currently unavailable)
rNeg    . . .      Spirit   .    f - +0 robe
rPois   +          Reflect  .    E - +2 hat
rElec   .          Harm     .    M - +0 cloak
rCorr   .          Rampage  .    w - +2 pair of gloves
Will    +....                    d - +1 pair of boots of Tenacity {Int+2}
Stlth   ++                       p - amulet of regeneration {@e2}
HPRegen 1.10/turn                z - ring of poison resistance
MPRegen 0.20/turn                u - +4 ring of protection

@: very slightly contaminated
A: no striking features
a: Renounce Religion


You were on level 9 of the Dungeon.
You worshipped Vehumet.
Vehumet was most pleased with you.
You visited 3 branches of the dungeon, and saw 12 of its levels.

You collected 713 gold pieces.
You spent 253 gold pieces at shops.


   Skills:
 - Level 8.0 Fighting
 - Level 2.6 Long Blades
 - Level 2.0 Throwing
 + Level 9.4 Dodging
 - Level 1.1 Stealth
 - Level 1.5 Unarmed Combat
 - Level 11.6 Spellcasting
 - Level 7.2 Conjurations
 - Level 2.4 Air Magic


You had 21 spell levels left.
You knew the following spells:

 Your Spells              Type           Power      Damage    Failure   Level
a - Necrotise             Necr           48%        1d6       5%          1
b - Shock                 Conj/Air       100%       1d9       1%          1
c - Static Discharge      Conj/Air       68%        2-5/arc   1%          2
d - Flame Wave            Conj/Fire      28%        2d9       3%          4
e - Teleport Other        Tloc           12%        N/A       16%         3

Your spell library contained the following spells:

 Spells                   Type           Power      Damage    Failure   Level
 Apportation              Tloc           24%        N/A       5%          1
 Blink                    Tloc           24%        N/A       8%          2
 Lesser Beckoning         Tloc           24%        N/A       8%          2
 Gell's Gravitas          Tloc           12%        N/A       16%         3
 Vampiric Draining        Necr           12%        2d6       16%         3
 Manifold Assault         Tloc           12%        N/A       45%         4
 Agony                    Necr           12%        N/A       82%         5
 Alistair's Intoxication  Tmut/Pois      8%         N/A       82%         5
 Storm Form               Tmut/Air       9%         N/A       100%        7

Inventory:

Hand Weapons
 a - a +2 falchion of draining {long}
 I - the +7 staff of the Meek (weapon) {protect, meekguard, staff}
   (You found it on level 7 of the Dungeon)
Missiles
 c - 9 poisoned darts {throwing}
Armour
 d - the +1 pair of boots of Tenacity (worn) {Int+2}
   (You acquired it on level 7 of the Dungeon)

   Int:       It affects your intelligence (+2).
 f - a +0 robe (worn)
 w - a +2 pair of gloves (worn)
   (You found it on level 5 of the Dungeon)
 E - a +2 hat (worn)
   (You found it on level 6 of the Dungeon)
 M - a +0 cloak (worn)
   (You found it on level 9 of the Dungeon)
Magical Staves
 i - a staff of air {!astaff}
   (You found it on level 7 of the Dungeon)
 j - a staff of air {!astaff}
   (You found it on level 3 of the Dungeon)
 F - a staff of earth {!astaff}
   (You took it off a kobold brigand on level 6 of the Dungeon)
Jewellery
 l - a ring of protection from fire
   (You found it on level 2 of the Dungeon)
 p - an amulet of regeneration (around neck) {@e2}
   (You took it off an orc on level 4 of the Dungeon)
 t - a ring of resist corrosion
   (You found it on level 4 of the Dungeon)
 u - a +4 ring of protection (right hand)
   (You found it on level 4 of the Dungeon)
 y - a ring of see invisible
   (You found it on level 6 of the Dungeon)
 z - a ring of poison resistance (left hand)
   (You found it on level 5 of the Dungeon)
 A - an amulet of guardian spirit
   (You found it on level 8 of the Dungeon)
 K - a ring of willpower
   (You found it on level 9 of the Dungeon)
 L - a ring of ice
   (You took it off a centaur on level 9 of the Dungeon)
Wands
 n - a wand of flame (7)
   (You found it on level 7 of the Dungeon)
 q - a wand of paralysis (3)
   (You found it on level 8 of the Dungeon)
 s - a wand of iceblast (5)
   (You found it on level 9 of the Dungeon)
Scrolls
 b - 7 scrolls of teleportation {@r4}
 e - a scroll of fear
 h - 2 scrolls of enchant weapon
 m - a scroll of blinking {!r}
 v - 4 scrolls of amnesia
 x - 2 scrolls of fog
 N - 2 scrolls of magic mapping {!r}
Potions
 g - a potion of magic
 k - 4 potions of heal wounds {@q2}
 o - 3 potions of haste {@q3}
 r - 5 potions of brilliance
 B - 3 potions of curing {@q1}
 C - 3 potions of lignification {unknown}
 D - 3 potions of attraction {unknown}
 G - a potion of cancellation {unknown}
 H - a potion of mutation {unknown}
 J - 2 potions of might
 O - a potion of berserk rage {unknown}

Dungeon Overview and Level Annotations

Branches:
Dungeon (10/15) Zot: 26177  Temple (1/1) D:4 Zot: 5665    Lair (1/5) D:9 Zot: 5854
    Orc (0/2) D:9

Altars:
Ashenzari
Cheibriados
Dithmenos
Elyvilon
Fedhas
Gozag
Hepliaklqana
Kikubaaqudgha
Makhleb
Nemelex Xobeh
Okawaru
Qazlal
Ru
Sif Muna
Trog
Uskayaw
Vehumet
Wu Jian
Xom
Yredelemnul
Zin
The Shining One

Shops:
D:6 ?   D:7 *

Annotations:
D:3 Robin

#.##...#....#
###..#..##....#
#........#>...##
###............# #
#............### ##
###.........## ##.
####.........######..
##..†..........##.###.
#....@.............#.#
#.....Y#.....(........
##......###............
#........##............
###....................
#####...................
#......................#
###.......................
#.#.....................##


You could see a death yak.


Message History

You finish memorising.
Spell assigned to 'e'.
There is a staircase to the Lair here.
You climb downwards.
Welcome back to the Lair of Beasts!
The death yak bellows!
The death yak gores you but does no damage.
The death yak completely misses you.
There is a staircase back to the Dungeon here.
The death yak gores you but does no damage.
You climb upwards.
Welcome back to the Dungeon!
There is a staircase to the Lair here.
You sock the death yak!
Your weapon exudes an aura of protection.
The death yak completely misses you.
You hit the death yak but do no damage. The death yak barely misses you.
You hit the death yak. The death yak closely misses you.
The death yak misses you.
You hit the death yak but do no damage. The death yak gores you! 😕 HP[-13]
You take 13 damage, and now have 51/64 hp.
MASSIVE DAMAGE!! (PAUSE)
Casting: Static Discharge (safe; 1% risk of failure)
Confirm with . or Enter, or press ? or * to list all spells.
The death yak is struck by an arc of lightning.
You are struck by an arc of lightning.
The death yak is struck by an arc of lightning!
You are struck by an arc of lightning.
The death yak is struck by an arc of lightning.
The lightning grounds out.
The death yak gores you! 😮 HP[-14] MP[-2]
You take 14 damage, and now have 37/64 hp.
MASSIVE DAMAGE!! (PAUSE)
You lost 2 mp, and now have 25/27 mp.
You barely miss the death yak. The death yak gores you!
* * * LOW HITPOINT WARNING * * *
😨 HP[-15]
You take 15 damage, and now have 22/64 hp.
MASSIVE DAMAGE!! (PAUSE)
Casting: Static Discharge (safe; 1% risk of failure)
Confirm with . or Enter, or press ? or * to list all spells.
Okay, then.
Unknown command.
Casting: Static Discharge (safe; 1% risk of failure)
Confirm with . or Enter, or press ? or * to list all spells.
Aiming: Teleport Other (dangerous; 16% risk of failure)
Press: ? - help, Shift-Dir - straight line, f - death yak
Aim: a death yak (moderately wounded, chance to affect: 2%)
You miscast Teleport Other.
You are very lightly contaminated with residual magic.
Nothing appears to happen.
The death yak misses you. 😨 HP[+1] MP[-3]
You lost 3 mp, and now have 22/27 mp.
Casting: Teleport Other (dangerous; 16% risk of failure)
Confirm with . or Enter, or press ? or * to list all spells.
Aiming: Teleport Other (dangerous; 16% risk of failure)
Press: ? - help, Shift-Dir - straight line, f/p - death yak
Aim: a death yak (moderately wounded, chance to affect: 2%)
The death yak resists with almost no effort.
The death yak gores you but does no damage. 😨 HP[+1] MP[-3]
You lost 3 mp, and now have 19/27 mp.
Casting: Teleport Other (dangerous; 16% risk of failure)
Confirm with . or Enter, or press ? or * to list all spells.
Aiming: Teleport Other (dangerous; 16% risk of failure)
Press: ? - help, Shift-Dir - straight line, f/p - death yak
Aim: a death yak (moderately wounded, chance to affect: 2%)
Okay, then.
Unknown command.
Aiming: Paralyse
Press: ? - help, Shift-Dir - straight line, f/p - death yak
Aim: a death yak (moderately wounded, chance to affect: 1%)
Okay, then.
Unknown command.
Casting: Teleport Other (dangerous; 16% risk of failure)
Confirm with . or Enter, or press ? or * to list all spells.
The death yak is struck by an arc of lightning!
You are struck by an arc of lightning.
* * * LOW HITPOINT WARNING * * *
The death yak is struck by an arc of lightning!
The lightning grounds out.
The death yak completely misses you. 😨 HP[-1] MP[-1]
You take 1 damage, and now have 23/64 hp.
You lost 1 mp, and now have 18/27 mp.
Casting: Static Discharge (safe; 1% risk of failure)
Confirm with . or Enter, or press ? or * to list all spells.
The death yak is struck by an arc of lightning.
You are struck by an arc of lightning.
* * * LOW HITPOINT WARNING * * *
The death yak is struck by an arc of lightning.
The lightning grounds out.
The death yak gores you but does no damage. 😨 HP[-3] MP[-2]
You take 3 damage, and now have 20/64 hp.
You lost 2 mp, and now have 16/27 mp.
Casting: Static Discharge (safe; 1% risk of failure)
Confirm with . or Enter, or press ? or * to list all spells.
The death yak is struck by an arc of lightning!
You are struck by an arc of lightning.
* * * LOW HITPOINT WARNING * * *
The lightning grounds out.
The death yak gores you!!
You die...

Skill      XL: |  1  2  3  4  5  6  7  8  9 10 |
---------------+-------------------------------+-----
Dodging        | 3 4 5 7 8 9 |  9.4
Stealth        | 1 |  1.1
Spellcasting   | 2 7 9 11 | 11.6
Air Magic      | 2 |  2.4
Conjurations   | 5 7 |  7.2
Fighting       | 4 8 |  8.0
Long Blades    | |  2.6
Throwing       | |  2.0
Unarmed Combat | |  1.5

Action                     |  1- 3 |  4- 6 |  7- 9 | 10-12 || total
---------------------------+-------+-------+-------+-------++-------
  Melee: Falchion          |   112 |   100 |   104 |       ||   316
         Punch             |     1 |       |     3 |       ||     4
         Quarterstaff      |       |       |    98 |   119 ||   217
  Throw: Dart              |     8 |     8 |    10 |       ||    26
   Cast: Shock             |       |       |   194 |    60 ||   254
         Necrotise         |       |       |     6 |     4 ||    10
         Static Discharge  |       |       |       |    38 ||    38
         Teleport Other    |       |       |       |     1 ||     1
  Evoke: Wand              |       |     1 |     2 |     8 ||    11
    Use: Scroll            |     3 |     1 |    14 |     3 ||    21
         Potion            |     3 |       |     1 |       ||     4
   Stab: Sleeping          |     4 |     1 |     2 |       ||     7
         Paralysed         |       |     9 |       |       ||     9
 Armour: Robe              |    27 |    19 |   104 |   102 ||   252
  Dodge: Dodged            |    75 |    79 |   231 |   196 ||   581

Levels and vault maps discovered:
D:1:      grunt_arrival_lava_bath, layout_basic,
          ebering_ecumenical_altar_abandoned, kennysheep_decorative_pillar
D:2:      layout_loops_ring, grunt_decor_mini_mirrors, hangedman_decor_push,
          st_stairs_6, kennysheep_generic_room_14
D:3:      layout_basic, uniq_robin
D:4:      layout_rooms, grunt_temple_overflow_diamond,
          minmay_temple_entry_ruins, wad_orctagon, uniq_grinder
D:5:      layout_basic, uniq_sigmund
D:6:      layout_loops_ring, grunt_dithmenos_smoke_and_mirrors,
          eino_small_chamber_without_monster, corner_web_ring, glass_columns_a,
          nicolae_stop_n_shop_1, chequers_mini_garden, kennysheep_boxes,
          uniq_blork_the_orc, uniq_prince_ribbit1, uniq_menkaure
D:7:      layout_rooms, serial_shops, shop, nicolae_eternal_life, uniq_joseph
D:8:      layout_basic, kennysheep_mini_moat
D:9:      layout_cave_pools, lair_entry_dummy, hiddenorc1_lemuel, serial_bayou,
          serial_bayou_pond_b, serial_bayou_pond_a, serial_bayou_crossing,
          serial_bayou_lake_a, serial_bayou_pond_e, serial_bayou_shore_b
D:10:     layout_roguey
Temple:   minmay_temple_bridge_d
Lair:1:   layout_cave_pods, grunt_megastairs_3, uniq_nergalle

Notes
Turn   | Place    | Note
-------+----------+-------------------------------------------
     0 | D:1      | MackTheKnife the Deep Elf Wanderer began the quest for the
                  | Orb.
     0 | D:1      | MackTheKnife set off with the following items: a +2
                  | falchion {long}, a scroll of teleportation {@r4}, 11
                  | poisoned darts {throwing}, a +0 dagger {short}, a scroll of
                  | fear, a +0 robe.
     0 | D:1      | Reached XP level 1. HP: 12/12 MP: 3/3
     0 | D:1      | magus.rc [v1.9.6]
     3 | D:1      | Found a faded altar of an unknown god.
     9 | D:1      | magus.rc [v1.9.6]
   327 | D:1      | magus.rc [v1.9.6]
   330 | D:1      | Reached skill level 3 in Dodging
   474 | D:1      | Reached XP level 2. HP: 6/16 MP: 4/4
  1008 | D:2      | Reached skill level 4 in Dodging
  1218 | D:2      | Reached XP level 3. HP: 11/20 MP: 5/5
  1877 | D:3      | You pick up a book of Necromancy and begin reading...
  1877 | D:3      | You add the spells Necrotise, Vampiric Draining and Agony
                  | to your library.
  2122 | D:3      | Noticed Robin
  2148 | D:3      | Reached skill level 5 in Dodging
  2157 | D:3      | HP: 5/20 [Robin/+0 spear (4)]
  2710 | D:4      | Reached skill level 1 in Stealth
  2710 | D:4      | Reached XP level 4. HP: 12/25 MP: 6/6
  2866 | D:4      | You pick up a book of Displacement and begin reading...
  2866 | D:4      | You add the spells Lesser Beckoning, Gell's Gravitas and
                  | Teleport Other to your library.
  2876 | D:4      | Noticed Grinder
  2877 | D:4      | Paralysed by Grinder for 2 turns
  2890 | D:4      | Killed Grinder
  2891 | D:4      | Reached skill level 7 in Dodging
  2891 | D:4      | Reached XP level 5. HP: 29/29 MP: 7/7
  2891 | D:4      | Reached XP level 6. HP: 34/34 MP: 8/8
  2928 | D:4      | Reached skill level 8 in Dodging
  2957 | D:4      | Found a staircase to the Ecumenical Temple.
  2966 | Temple   | Entered the Ecumenical Temple
  2984 | Temple   | HP: 6/34 [gnoll/+0 club (8)]
  2985 | Temple   | HP: 1/34 [gnoll/+0 club (5)]
  3225 | Temple   | Became a worshipper of Vehumet
  3406 | D:4      | Found a basalt altar of Yredelemnul.
  3408 | D:4      | Found a shimmering blue altar of Sif Muna.
  3411 | D:4      | You pick up a book of Party Tricks and begin reading...
  3411 | D:4      | You add the spells Apportation and Alistair's Intoxication
                  | to your library.
  3417 | D:4      | Found an ornate altar of the Wu Jian Council.
  3465 | D:4      | Reached skill level 1 in Spellcasting
  3632 | D:4      | Reached skill level 2 in Spellcasting
  3852 | D:5      | Entered Level 5 of the Dungeon
  3882 | D:5      | Reached XP level 7. HP: 38/38 MP: 11/13
  3884 | D:5      | Learned a level 1 spell: Necrotise
  3907 | D:5      | Reached skill level 3 in Spellcasting
  3913 | D:5      | Reached skill level 4 in Spellcasting
  4352 | D:5      | Noticed Sigmund
  4363 | D:5      | Killed Sigmund
  4364 | D:5      | Reached skill level 6 in Spellcasting
  4507 | D:5      | Reached * piety under Vehumet
  4507 | D:5      | Offered knowledge of Shock by Vehumet.
  4510 | D:5      | Learned a level 1 spell: Shock
  4712 | D:6      | Found a shadowy altar of Dithmenos.
  4760 | D:6      | Reached skill level 1 in Air Magic
  4917 | D:6      | Noticed Prince Ribbit
  4938 | D:6      | Killed Prince Ribbit
  4939 | D:6      | Reached skill level 7 in Spellcasting
  4939 | D:6      | Reached skill level 2 in Air Magic
  4939 | D:6      | Reached XP level 8. HP: 32/43 MP: 19/21
  5030 | D:6      | Reached skill level 1 in Conjurations
  5060 | D:6      | Reached skill level 8 in Spellcasting
  5102 | D:6      | Noticed Menkaure
  5111 | D:6      | Killed Menkaure
  5112 | D:6      | Reached skill level 2 in Conjurations
  5183 | D:6      | Found Wukhlyad's Magic Scroll Shop.
  5211 | D:6      | Reached skill level 3 in Conjurations
  5315 | D:6      | Reached skill level 9 in Spellcasting
  5381 | D:6      | Reached skill level 4 in Conjurations
  5633 | D:6      | Noticed Blork the orc
  5676 | D:6      | Killed Blork the orc
  5948 | D:6      | Reached skill level 5 in Conjurations
  5948 | D:6      | Reached XP level 9. HP: 39/47 MP: 24/24
  6073 | D:7      | Found the +7 staff of the Meek {protect, meekguard}
  6118 | D:7      | Reached skill level 10 in Spellcasting
  6408 | D:6      | Reached skill level 6 in Conjurations
  6470 | D:6      | Offered knowledge of Kiss of Death by Vehumet.
  6537 | D:7      | Reached ** piety under Vehumet
  6547 | D:7      | Noticed Joseph
  6551 | D:7      | HP: 11/47 [Joseph/sling bullet (16)]
  6654 | D:7      | Killed Joseph
  6655 | D:7      | Reached skill level 11 in Spellcasting
  6717 | D:7      | Reached skill level 7 in Conjurations
  6729 | D:7      | Found Eskiob's Assorted Antiques.
  6738 | D:7      | Bought 2 potions of heal wounds for 230 gold pieces
  6738 | D:7      | Bought a scroll labelled WAELIL YMINE for 23 gold pieces
  6744 | D:7      | Identified a scroll of acquirement
  6744 | D:7      | Acquired the +1 pair of boots of Tenacity {Int+2}
  7329 | D:8      | You add the spells Blink, Manifold Assault and Storm Form
                  | to your library.
  7484 | D:8      | Reached skill level 2 in Fighting
  7589 | D:8      | Reached skill level 3 in Fighting
  7861 | D:8      | Found a blossoming altar of Fedhas.
  8171 | D:8      | Reached skill level 4 in Fighting
  8173 | D:8      | Reached XP level 10. HP: 50/56 MP: 19/27
  8452 | D:8      | Reached skill level 5 in Fighting
  8612 | D:9      | Offered knowledge of Static Discharge by Vehumet.
  8618 | D:9      | Learned a level 2 spell: Static Discharge
  8709 | D:9      | Reached *** piety under Vehumet
  8856 | D:9      | Reached skill level 6 in Fighting
  8857 | D:9      | HP: 13/60 [/static electricity (4)]
  8858 | D:9      | HP: 6/60 [/static electricity (1)]
  9065 | D:9      | Found a staircase to the Lair.
  9135 | D:9      | Found a staircase to the Orcish Mines.
  9581 | D:10     | Entered Level 10 of the Dungeon
  9591 | D:10     | Reached skill level 7 in Fighting
  9626 | D:10     | Offered knowledge of Flame Wave by Vehumet.
  9978 | D:10     | Reached skill level 8 in Fighting
 10364 | Lair:1   | Entered Level 1 of the Lair of Beasts
 10383 | Lair:1   | Reached skill level 9 in Dodging
 10493 | Lair:1   | Noticed a death yak
 10506 | Lair:1   | Noticed a death yak
 10517 | D:9      | Learned a level 4 spell: Flame Wave
 10521 | D:9      | Learned a level 3 spell: Teleport Other
 10524 | Lair:1   | Noticed a death yak
 10536 | D:9      | Slain by a death yak

Vanquished Creatures
  Joseph (D:7)
  Grinder (D:4)
  A hornet (D:8)
  Sigmund (D:5)
  3 shadows (D:9)
  2 wyverns
  A wraith (D:9)
  A steam dragon (D:9)
  A basilisk (Lair:1)
  4 vampire mosquitoes (D:10)
  Menkaure (D:6)
  An acid dragon (D:8)
  3 water moccasins
  3 orc warriors
  4 sky beasts
  An ice beast (D:6)
  An ogre (D:5)
  3 centaurs
  A phantom (D:6)
  2 kobold brigands
  3 necrophages
  4 bullfrogs
  6 scorpions
  Blork the orc (D:6)
  15 killer bees
  5 howler monkeys
  6 electric eels (D:9)
  2 hounds (D:5)
  A jelly (D:4)
  A gnoll bouda (D:9)
  2 orc priests (D:10)
  An iguana (D:6)
  5 orc wizards
  11 gnolls
  4 adders
  2 shadow imps
  2 white imps
  An ufetubus (D:4)
  3 worms
  3 dart slugs
  48 orcs
  5 ball pythons
  7 endoplasms
  3 giant cockroaches
  4 goblins
  5 hobgoblins
  3 jackals (D:3)
  8 kobolds
  4 bats
  A frilled lizard (D:1)
  5 rats
207 creatures vanquished.

Vanquished Creatures (collateral kills)
  Prince Ribbit (D:6)
1 creature vanquished.

Vanquished Creatures (others)
  A fungus (Lair:1)
  21 plants (D:9)
22 creatures vanquished.

Grand Total: 230 creatures vanquished

Table legend:
 A = Non-vault XP
 B = Vault XP
 C = Vault XP percentage of total XP
 D = Non-vault monster count
 E = Vault monster count
 F = Vault count percentage of total count
                 A         B        C        D         E       F
            +---------+---------+-------+---------+---------+-------
      Total |    8069 |    2057 |  20.3 |     173 |      35 |  16.8
            +---------+---------+-------+---------+---------+-------
        D:1 |      28 |       0 |   0.0 |      16 |       0 |   0.0
        D:2 |      39 |       4 |   9.3 |      14 |       2 |  12.5
        D:3 |      13 |       6 |  31.6 |       5 |       3 |  37.5
        D:4 |     281 |     293 |  51.0 |      16 |       5 |  23.8
        D:5 |     308 |     226 |  42.3 |      14 |       1 |   6.7
        D:6 |    1529 |     531 |  25.8 |      23 |       3 |  11.5
        D:7 |     752 |     466 |  38.3 |      23 |       1 |   4.2
        D:8 |    1272 |     161 |  11.2 |      12 |       9 |  42.9
        D:9 |    2059 |     370 |  15.2 |      24 |      11 |  31.4
       D:10 |    1434 |       0 |   0.0 |      22 |       0 |   0.0
     Temple |      28 |       0 |   0.0 |       2 |       0 |   0.0
     Lair:1 |     326 |       0 |   0.0 |       2 |       0 |   0.0
            +---------+---------+-------+---------+---------+-------

Illustrated notes

Table legend:
 A = Kills in this place as a percentage of kills in entire the game.
 B = Kills by you in this place as a percentage of kills by you in the entire game.
 C = Kills by friends in this place as a percentage of kills by friends in the entire game.
 D = Other kills in this place as a percentage of other kills in the entire game.
 E = Experience gained in this place as a percentage of experience gained in the entire game.
 F = Experience gained in this place divided by the number of levels of this place that you have seen.
                   A       B       C       D       E      F
               +-------+-------+-------+-------+-------+----------------------
         Total | 100.0 | 100.0 | 100.0 |   N/A | 100.0 | 843.8
       Dungeon |  98.1 |  98.1 | 100.0 |   N/A |  96.5 | 977.2
        Temple |   1.0 |   1.0 |   0.0 |   N/A |   0.3 |  28.0
          Lair |   1.0 |   1.0 |   0.0 |   N/A |   3.2 | 326.0
               +-------+-------+-------+-------+-------+----------------------

Table legend: (Time is in decaauts)
 A = Elapsed time spent in this place.
 B = Non-inter-level travel time spent in this place.
 C = Inter-level travel time spent in this place.
 D = Time resting spent in this place.
 E = Time spent auto-exploring this place.
 F = Levels seen in this place.
 G = Mean time per level.
                   A        B        C        D        E       F      G
               +--------+--------+--------+--------+--------+-----+--------+
         Total |  10726 |  10078 |    648 |   1082 |   7010 |  12 |  893.8 |
       Dungeon |  10245 |   9700 |    545 |   1059 |   6744 |  10 | 1024.5 |
        Temple |    334 |    231 |    103 |     11 |    171 |   1 |  334.0 |
          Lair |    145 |    145 |      0 |     12 |     95 |   1 |  145.0 |
               +--------+--------+--------+--------+--------+-----+--------+

Top non-repeatable levels by time:
     D:6: 1628 daAuts
     D:8: 1435 daAuts
     D:9: 1114 daAuts
     D:1: 995 daAuts
     D:4: 874 daAuts
     D:5: 870 daAuts
     D:3: 867 daAuts
     D:7: 866 daAuts
     D:2: 811 daAuts
    D:10: 781 daAuts
  Temple: 334 daAuts
  Lair:1: 145 daAuts
